 Dungeon Crawl Stone Soup version 0.28-a0-518-g36894cfc38 (webtiles) character file.

Game seed: 2938609277393479809

1507 Majang the Poker (level 9, -3/68 HPs)
             Began as a Formicid Fighter on Sept 22, 2021.
             Was a Priest of Cheibriados.
             Slain by a large slime creature (25 damage)
             ... on level 6 of the Dungeon on Sept 23, 2021.
             The game lasted 00:35:09 (6382 turns).

Majang the Poker (Formicid Fighter)                 Turns: 6382, Time: 00:35:10

Health: -3/68      AC: 12    Str: 31    XL:     9   Next: 9%
Magic:  11/11      EV:  9    Int: 13    God:    Cheibriados [***...]
Gold:   273        SH:  5    Dex: 16    Spells: 8/8 levels left

rFire   . . .      SeeInvis +   a - +1 bardiche (flame)
rCold   . . .      Faith    .   c - +0 buckler
rNeg    . . .      Spirit   .   f - +0 plate armour
rPois   .          Reflect  .   (helmet unavailable)
rElec   .          Harm     .   (no cloak)
rCorr   .          Rampage  .   (no gloves)
Will    .....                   (no boots)
Stlth   ..........              (no amulet)
HPRegen 0.21/turn               (no ring)
MPRegen 0.12/turn               (no ring)

@: very slow
A: permanent stasis, dig shafts and tunnels, antennae 3, four strong arms
a: Dig, Shaft Self, Renounce Religion, Bend Time, Temporal Distortion


You were on level 6 of the Dungeon.
You worshipped Cheibriados.
Cheibriados was most pleased with you.
You visited 2 branches of the dungeon, and saw 7 of its levels.
You also visited: Sewer.

You collected 273 gold pieces.

Inventory:

Hand Weapons
 a - a +1 bardiche of flaming (weapon)
 b - a +0 trident
Missiles
 g - 47 poisoned darts (quivered)
 s - a throwing net
 z - a boomerang
Armour
 c - a +0 buckler (worn)
 f - a +0 plate armour (worn)
Wands
 j - a wand of flame (20)
 w - a wand of mindburst (14)
Scrolls
 e - 4 scrolls of fog
 m - a scroll of magic mapping
 p - a scroll of amnesia
 y - a scroll of brand weapon
Potions
 d - 3 potions of flight {unknown}
 h - 2 potions of curing
 i - 4 potions of heal wounds
 l - 2 potions of lignification
 q - a potion of resistance {unknown}
 r - 2 potions of haste {unknown}
 t - a potion of invisibility {unknown}
 u - 4 potions of brilliance {unknown}
 v - a potion of experience {unknown}
 x - a potion of berserk rage {unknown}


   Skills:
 + Level 5.5 Fighting
 * Level 6.2 Polearms
 + Level 2.8 Throwing
 + Level 4.6 Armour
 + Level 2.5 Dodging
 + Level 2.8 Stealth
 + Level 5.3 Shields
 + Level 3.6 Invocations
 + Level 2.0 Evocations


You had 8 spell levels left.
You didn't know any spells.
Your spell library contained the following spells:

 Spells                   Type           Power      Damage    Failure   Level
 Sublimation of Blood     Necr           0%         N/A       99%         2
 Dazzling Flash           Conj/Hex       0%         N/A       100%        3
 Olgreb's Toxic Radiance  Pois           0%         N/A       100%        4
 Petrify                  Tmut/Erth      0%         N/A       100%        4
 Agony                    Necr           0%         N/A       100%        5
 Fireball                 Conj/Fire      0%         3d3       100%        5
 Irradiate                Conj/Tmut      0%         3d13      100%        5
 Silence                  Hex/Air        0%         N/A       100%        5
 Starburst                Conj/Fire      0%         6d3       100%        6
 Ozocubu's Refrigeration  Ice            0%         4d5       100%        7
 Ignition                 Fire           0%         3d3       100%        8


Dungeon Overview and Level Annotations

Branches:
Dungeon (6/15)             Temple (1/1) D:4           Sewer (visited)

Altars:
Ashenzari
Cheibriados
Dithmenos
Elyvilon
Fedhas
Gozag
Hepliaklqana
Kikubaaqudgha
Makhleb
Nemelex Xobeh
Okawaru
Qazlal
Ru
Sif Muna
Trog
Uskayaw
Vehumet
Wu Jian
Xom
Yredelemnul
Zin
The Shining One

Annotations:
D:6 Duvessa


Innate Abilities, Weirdness & Mutations

You cannot be hasted, slowed, berserked, paralysed or teleported.
You can dig through walls and to a lower floor.
You have a pair of large antennae on your head. (SInv)
Your four strong arms can wield two-handed weapons with a shield.


Message History

You retract your mandibles.
Two slime creatures merge to form a large slime creature.
The endoplasm jiggles.
The endoplasm barely misses you.
You slice the endoplasm!! You burn the endoplasm.
You kill the endoplasm!
Cheibriados thoroughly appreciates the change of pace.
The endoplasm hits the fungus.
The fungus begins to die.
The endoplasm hits the fungus.
You slice the large slime creature!! You burn the large slime creature.
The large slime creature is lightly wounded.
The large slime creature barely misses you.
The large slime creature hits you but does no damage.
Okay, then.
You extend your mandibles.
You dig through the rock wall.
Two slime creatures merge to form a large slime creature.
You retract your mandibles.
You slice the large slime creature!! You burn the large slime creature!
The large slime creature is moderately wounded.
You barely miss the large slime creature.
The large slime creature is moderately wounded.
The large slime creature completely misses you.
The large slime creature hits you but does no damage.
You slash the large slime creature! You burn the large slime creature.
The large slime creature is heavily wounded.
The large slime creature hits you!!
You slash the large slime creature! You burn the large slime creature.
The large slime creature is heavily wounded.
The large slime creature hits you.
The large slime creature completely misses you.
You slash the large slime creature! You burn the large slime creature.
The large slime creature is severely wounded.
The large slime creature hits you!!
* * * LOW HITPOINT WARNING * * *
You feel much better. The large slime creature misses you.
You slash the large slime creature! You burn the large slime creature.
The large slime creature is severely wounded.
The large slime creature hits you!!
You die...

#.##........#
#+#####
#.....(.....#
..÷....
#.<.......#
.......
#.#........
.J.÷..÷
#.#.#...###
{..P...
#.#.#####
##J{.....
#.#...#
####{JJJ..P.
#.###.#
#..J######## #.#
#.# #.##@#
#.###.#####.####
#...........#
#####.#######
#.# #.# #.# #.#
##.## #####


You could see a large slime creature.

Vanquished Creatures
  Pikel (D:6)
  Grinder (D:3)
  2 phantoms
  A bullfrog (D:6)
  2 scorpions (D:4)
  A hound (D:6)
  2 jellies
  Terence (D:3)
  2 orc wizards (D:4)
  5 iguanas
  A gnoll (D:5)
  2 river rats (D:4)
  6 adders
  A shadow imp (D:6)
  3 ufetubi
  4 worms
  13 orcs
  7 endoplasms
  4 giant cockroaches
  11 goblins
  9 hobgoblins
  10 jackals (Sewer)
  6 quokkas
  10 ball pythons
  4 bats
  7 frilled lizards
  7 kobolds
  7 rats
130 creatures vanquished.

Vanquished Creatures (others)
  A fungus (D:6)
  14 plants (Sewer)
  10 toadstools (D:6)
25 creatures vanquished.

Grand Total: 155 creatures vanquished

Notes
Turn   | Place    | Note
-------+----------+-------------------------------------------
     0 | D:1      | Majang the Formicid Fighter began the quest for the Orb.
     0 | D:1      | Reached XP level 1. HP: 18/18 MP: 1/1
   177 | D:1      | Reached XP level 2. HP: 24/24 MP: 2/2
   482 | D:1      | Reached XP level 3. HP: 29/30 MP: 3/3
   505 | D:1      | Reached skill level 3 in Polearms
   962 | D:2      | Found a faded altar of an unknown god.
  1446 | D:2      | Reached XP level 4. HP: 36/37 MP: 4/4
  2013 | D:3      | Noticed Terence
  2023 | D:3      | Killed Terence
  2024 | D:3      | Reached skill level 4 in Polearms
  2024 | D:3      | Reached XP level 5. HP: 26/42 MP: 5/5
  2541 | D:3      | Found a hazy altar of Hepliaklqana.
  2542 | D:3      | Found a snail-covered altar of Cheibriados.
  2546 | D:3      | Found a hide-covered altar of Uskayaw.
  2546 | D:3      | Found a blossoming altar of Fedhas.
  2549 | D:3      | Found a stormy altar of Qazlal.
  2552 | D:3      | Became a worshipper of Cheibriados the Contemplative
  2798 | D:3      | Noticed Grinder
  2829 | D:3      | Killed Grinder
  2830 | D:3      | Reached skill level 1 in Throwing
  2830 | D:3      | Reached skill level 1 in Dodging
  2830 | D:3      | Reached skill level 1 in Invocations
  2830 | D:3      | Reached XP level 6. HP: 40/49 MP: 5/7
  3084 | D:4      | Reached XP level 7. HP: 55/55 MP: 8/8
  3093 | D:4      | Reached skill level 5 in Polearms
  3453 | D:4      | Reached * piety under Cheibriados
  3455 | D:4      | Found a glowing drain.
  3458 | Sewer    | Entered a sewer
  4432 | D:4      | Reached ** piety under Cheibriados
  4701 | D:4      | Found a staircase to the Ecumenical Temple.
  4710 | Temple   | Entered the Ecumenical Temple
  4939 | D:4      | Reached skill level 5 in Fighting
  4939 | D:4      | Reached skill level 1 in Stealth
  5136 | D:5      | Entered Level 5 of the Dungeon
  5311 | D:5      | Reached XP level 8. HP: 62/62 MP: 9/9
  5332 | D:5      | Found an iron altar of Okawaru.
  5774 | D:5      | Upgraded the game from 0.28-a0-512-g960c72b710 to
                  | 0.28-a0-518-g36894cfc38
  5848 | D:6      | Reached skill level 1 in Evocations
  5900 | D:6      | Noticed Duvessa
  6037 | D:6      | Reached *** piety under Cheibriados
  6067 | D:6      | Reached skill level 5 in Shields
  6164 | D:6      | Noticed Pikel
  6181 | D:6      | Killed Pikel
  6182 | D:6      | Reached skill level 6 in Polearms
  6182 | D:6      | Reached XP level 9. HP: 47/68 MP: 11/11
  6371 | D:6      | Noticed a slime creature
  6371 | D:6      | Noticed a slime creature
  6382 | D:6      | Slain by a large slime creature

Illustrated notes

Levels and vault maps discovered:
D:1:      lightli_molten_gateway, layout_loops_ring, minmay_misc_feat_square
D:2:      layout_loops_corners, ebering_ecumenical_altar_ruins,
          grunt_ministairs_7, minmay_tree_intersection
D:3:      layout_loops_cross, nicolae_overflow_hidden_temple, uniq_terence,
          uniq_grinder
D:4:      layout_basic, minmay_temple_entry_antechambers,
          gup_sewer_entry_spiral, palyth_stone_intersect
D:5:      layout_loops_ring, okawaru_altar_gauntlet_db
D:6:      cheibrodos_fertilizer, layout_loops_ring, kennysheep_pointless_box,
          uniq_duvessa, uniq_pikel
Temple:   eino_temple_scatter_basement

Skill      XL: |  1  2  3  4  5  6  7  8 |
---------------+-------------------------+-----
Polearms       | 3 4 5 6 |  6.2
Fighting       | 4 5 |  5.5
Throwing       | 1 2 |  2.8
Dodging        | 1 2 |  2.5
Shields        | 4 5 |  5.3
Invocations    | 1 2 3 |  3.6
Armour         | 4 |  4.6
Stealth        | 1 2 |  2.8
Evocations     | 2 |  2.0

Action                   |  1- 3 |  4- 6 |  7- 9 || total
-------------------------+-------+-------+-------++-------
Melee: Trident           |   144 |    86 |   204 ||   434
       Bardiche          |       |       |   111 ||   111
Throw: Dart              |       |     7 |     6 ||    13
 Abil: Dig               |     3 |     2 |    17 ||    22
  Use: Potion            |       |     1 |     2 ||     3
       Scroll            |       |       |    13 ||    13
Armor: Plate armour      |    88 |    15 |   162 ||   265
Dodge: Dodged            |    26 |    16 |   115 ||   157
Block: Buckler           |    30 |    13 |    58 ||   101

Table legend: (Time is in decaauts)
 A = Elapsed time spent in this place.
 B = Non-inter-level travel time spent in this place.
 C = Inter-level travel time spent in this place.
 D = Time resting spent in this place.
 E = Time spent auto-exploring this place.
 F = Levels seen in this place.
 G = Mean time per level.
                   A        B        C        D        E       F      G
               +--------+--------+--------+--------+--------+-----+--------+
         Total |   7777 |   7617 |    160 |   1221 |   2548 |   8 |  972.1 |
       Dungeon |   6231 |   6083 |    148 |   1110 |   2075 |   6 | 1038.5 |
        Temple |    238 |    227 |     11 |      0 |     57 |   1 |  238.0 |
         Sewer |   1306 |   1306 |      0 |    111 |    415 |   1 | 1306.0 |
               +--------+--------+--------+--------+--------+-----+--------+

Top non-repeatable levels by time:
     D:4: 1321 daAuts
   Sewer: 1306 daAuts
     D:3: 1171 daAuts
     D:2: 1101 daAuts
     D:1: 942 daAuts
     D:5: 931 daAuts
     D:6: 763 daAuts
  Temple: 238 daAuts
